 Dungeon Crawl Stone Soup version 0.27-a0-906-g0a00ce863d (webtiles) character file.

Game seed: 12169665904198587775

7222 tilp the Slicer (level 11, -2/56 HPs)
             Began as a Vine Stalker Brigand on Apr 7, 2021.
             Was a Follower of Nemelex Xobeh.
             Killed by divine providence
             ... invoked by an orc high priest
              (11 damage)
             ... in a bailey.
             The game lasted 00:19:35 (8043 turns).

tilp the Slicer (Vine Stalker Brigand)              Turns: 8043, Time: 00:19:36

Health: -2/56      AC: 17    Str: 18    XL:     11   Next: 11%
Magic:  0/12       EV: 14    Int: 11    God:    Nemelex Xobeh [*.....]
Gold:   371        SH:  5    Dex: 15    Spells: 10/10 levels left

rFire    + + +     SeeInvis .   a - +5 rapier "Ximper" {protect, rPois}
rCold    . . .     Faith    .   w - +0 buckler
rNeg     . . .     Spirit   +   m - +2 chain mail {rPois}
rPois    +         Reflect  .   r - +1 helmet
rElec    .         Harm     .   c - +1 cloak
rCorr    .         Rampage  .   (no gloves)
Will     +....                  (no boots)
Stlth    +.........             (no amulet)
HPRegen  1.18/turn              v - ring of protection from fire
MPRegen  0.13/turn              K - ring of Xom's Fair Game {rF++ EV+4 Stlth+}

@: about to teleport, corroded, protection aura, studying Dodging
A: fangs 3, regeneration 1, magic shield, antimagic bite, no potion heal 2
a: Renounce Religion, Draw Escape, Draw Destruction, Draw Summoning


You were in a bailey.
You worshipped Nemelex Xobeh.
Nemelex Xobeh was aware of your devotion.
You visited 2 branches of the dungeon, and saw 10 of its levels.
You also visited: Bailey.

You collected 411 gold pieces.
You spent 40 gold pieces at shops.

Inventory:

Hand Weapons
 a - the +5 rapier "Ximper" (weapon) {protect, rPois}
   (You found it on level 4 of the Dungeon)

   It grants its wielder temporary protection when it strikes (+7 to AC).
   It protects you from poison.
 b - a +3 dagger of speed
 j - a +4 quick blade
Missiles
 d - 12 poisoned darts (quivered)
 e - 2 curare-tipped darts {!f}
 h - 6 datura-tipped darts {!f}
 p - 3 silver javelins
 x - 9 boomerangs
Armour
 c - a +1 cloak (worn)
 m - a +2 chain mail of poison resistance (worn)
 r - a +1 helmet (worn)
 w - a +0 buckler (worn)
 L - a +0 kite shield
Jewellery
 v - a ring of protection from fire (left hand)
 A - a ring of wizardry
 K - the ring of Xom's Fair Game (right hand) {rF++ EV+4 Stlth+}
   (You acquired it on level 8 of the Dungeon)

   [ring of evasion]

   It affects your evasion (+4).
   It greatly protects you from fire.
   It makes you more stealthy.
Wands
 t - a wand of flame (19)
 E - a wand of digging (6)
 G - a wand of acid (8)
Scrolls
 l - a scroll of blinking
 o - a scroll of enchant weapon
 u - 2 scrolls of immolation
 B - 2 scrolls of teleportation
Potions
 f - a potion of berserk rage
 k - 2 potions of ambrosia
 n - a potion of magic
 q - a potion of mutation
 s - 3 potions of curing
 C - a potion of cancellation
 D - 2 potions of attraction
 F - a potion of invisibility


   Skills:
 - Level 6.0 Fighting
 * Level 11.4 Short Blades
 - Level 1.7 Throwing
 + Level 9.6 Dodging
 - Level 4.8 Stealth
 - Level 4.0 Shields


You had 10 spell levels left.
You didn't know any spells.
Your spell library contained the following spells:

 Spells                   Type           Power      Damage    Failure   Level
 Animate Skeleton         Necr           0%         N/A       99%         1
 Apportation              Tloc           0%         N/A       99%         1
 Beastly Appendage        Tmut           0%         N/A       99%         1
 Corona                   Hex            0%         N/A       99%         1
 Magic Dart               Conj           0%         1d3       99%         1
 Summon Small Mammal      Summ           0%         N/A       99%         1
 Blink                    Tloc           N/A        N/A       100%        2
 Call Imp                 Summ           0%         N/A       100%        2
 Slow                     Hex            0%         N/A       100%        2
 Wereblood                Tmut           0%         N/A       100%        2
 Confusing Touch          Hex            0%         N/A       100%        3
 Conjure Flame            Conj/Fire      0%         6-21      100%        3
 Gell's Gravitas          Tloc           0%         N/A       100%        3
 Mephitic Cloud           Conj/Pois/Air  0%         N/A       100%        3
 Spider Form              Tmut/Pois      0%         N/A       100%        3
 Ice Form                 Ice/Tmut       0%         N/A       100%        4
 Petrify                  Tmut/Erth      0%         N/A       100%        4
 Hydra Form               Tmut           0%         N/A       100%        5
 Metabolic Englaciation   Hex/Ice        0%         N/A       100%        5
 Yara's Violent Unravell  Hex/Tmut       0%         3d3       100%        5


Dungeon Overview and Level Annotations

Branches:
Dungeon (9/15)             Temple (1/1) D:6            Lair (0/6) D:8
 Bailey (1/1)
    Orc: D:9-12

Altars:
Ashenzari
Cheibriados
Dithmenos
Elyvilon
Fedhas
Gozag
Hepliaklqana
Makhleb
Nemelex Xobeh
Okawaru
Qazlal
Ru
Sif Muna
Trog
Uskayaw
Vehumet
Wu Jian
Xom
Yredelemnul
Zin

Shops:
D:4 =!(:   D:7 (


Innate Abilities, Weirdness & Mutations

You have razor-sharp teeth.
Your natural rate of healing is unusually fast.
When hurt, damage is shared between your health and your magic reserves.
Your bite disrupts and absorbs the magic of your enemies.
Potions cannot restore your health.


Message History

Beogh smites you!
* * * LOW HITPOINT WARNING * * *
You hit the orc high priest.
The orc high priest is lightly wounded.
Unknown command.
You puncture the orc high priest! Your bite misses the orc high priest.
The orc high priest is moderately wounded.
The orc high priest prays.
The orc high priest mumbles some strange prayers to Beogh.
The hobgoblin closely misses you. The hobgoblin misses you.
Unknown command.
You hit the orc high priest. Your bite misses the orc high priest.
The orc high priest is moderately wounded.
The orc high priest hits you with a +0 war axe.
* * * LOW HITPOINT WARNING * * *
You block the hobgoblin's attack.
Unknown command.
You hit the orc high priest but do no damage.
The orc high priest is moderately wounded.
You block the hobgoblin's attack.
Unknown command.
You closely miss the orc high priest. Your bite misses the orc high priest.
The orc high priest is moderately wounded.
The orc high priest hits you with a +0 war axe!
* * * LOW HITPOINT WARNING * * *
An orc warrior comes into view. It is wielding a +0 broad axe.
You block the hobgoblin's attack.
Unknown command.
You draw a card...
You have drawn the Cloud.
Clouds appear around you!
The deck of cards disappears without a trace.
The orc high priest hits you but does no damage.
Unknown command.
Unknown command.
Okay, then.
As you read the scroll of teleportation, it crumbles to dust.
You feel strangely unstable.
The orc high priest mumbles some strange prayers to Beogh against you.
Beogh smites you!
You die...
Your body disappears without a glow.

#≈≈≈≈≈# #≈≈≈≈≈# #+#######
#≈≈≈≈≈# #.......# #≈≈≈≈≈#
+.8.8.8.# #≈≈≈≈≈#
#...§g§§######≈≈≈≈≈#
#....#o4§...#.≈≈≈≈≈≈#
..#....#@4g...#.≈≈≈≈≈.###
..#.o.g#####''#.≈≈≈≈≈....
..#o... #.....#.≈≈≈≈≈....
# #o..g #....)'..........
#._.. #..⌠..)..........
#.... #.....'..........
#.....#.≈≈≈≈≈....
####++#.≈≈≈≈≈....
#.≈≈≈≈≈.###


You could see an orc high priest, an ice devil (summoned), a rust devil
(summoned) and 2 hobgoblins.

Vanquished Creatures
  An orc high priest (Bailey)
  Pikel (D:7)
  An elephant (D:8)
  A hornet (D:8)
  2 wyverns
  6 yaks (D:8)
  2 basilisks (D:8)
  A wraith (D:8)
  Eustachio (D:5)
  An acid dragon (D:8)
  2 orc warriors
  An ice beast (D:5)
  3 sky beasts
  A necrophage (D:7)
  4 centaurs
  3 ogres
  2 phantoms (D:5)
  A lemure (D:7)
  3 bullfrogs
  2 scorpions (D:5)
  2 gnoll sergeants
  A water moccasin zombie (D:5)
  A wyvern skeleton (D:6)
  9 killer bees (D:8)
  3 wights (D:6)
  A howler monkey (D:8)
  6 electric eels (D:8)
  2 bullfrog zombies (D:7)
  A bullfrog skeleton (D:7)
  A jelly (D:6)
  An orc priest (D:3)
  5 hounds
  3 centaur skeletons
  2 gnoll shamans
  6 iguanas
  6 orc wizards
  A hound skeleton (D:4)
  A howler monkey zombie (D:8)
  Robin (D:4)
  10 gnolls
  8 adders
  A shadow imp (D:6)
  2 white imps (D:8)
  2 ufetubi
  A worm (D:3)
  5 dart slugs
  22 orcs
  4 ball pythons
  6 bats
  5 endoplasms
  6 giant cockroaches
  13 hobgoblins
  4 jackals (D:2)
  5 quokkas
  3 frilled lizards
  25 goblins
  10 kobolds
  5 rats
229 creatures vanquished.

Vanquished Creatures (others)
  51 plants (D:8)
51 creatures vanquished.

Grand Total: 280 creatures vanquished

Notes
Turn   | Place    | Note
-------+----------+-------------------------------------------
     0 | D:1      | tilp the Vine Stalker Brigand began the quest for the Orb.
     0 | D:1      | Reached XP level 1. HP: 11/11 MP: 2/2
    71 | D:1      | Reached skill level 2 in Short Blades
    82 | D:1      | Reached XP level 2. HP: 3/15 MP: 0/3
   695 | D:1      | Reached XP level 3. HP: 19/19 MP: 4/4
  1827 | D:2      | Reached skill level 3 in Short Blades
  1827 | D:2      | Gained mutation: Your natural rate of healing is unusually
                  | fast. [Vine Stalker growth]
  1827 | D:2      | Reached XP level 4. HP: 8/24 MP: 5/5
  2170 | D:3      | Reached XP level 5. HP: 27/28 MP: 6/6
  2530 | D:3      | Found a broken altar of Ashenzari.
  3105 | D:4      | Noticed a sky beast
  3166 | D:4      | Reached skill level 4 in Short Blades
  3178 | D:4      | Reached skill level 1 in Dodging
  3178 | D:4      | Reached XP level 6. HP: 33/33 MP: 7/7
  3380 | D:4      | Found Yniagank's Distillery.
  3384 | D:4      | Found Monweo's Weapon Shoppe.
  3405 | D:4      | Found Xoh Pearak's Book Boutique.
  3460 | D:4      | Noticed Robin
  3475 | D:4      | Killed Robin
  3550 | D:4      | Bought a potion of curing for 30 gold pieces
  3550 | D:4      | Bought a potion of degeneration for 10 gold pieces
  3623 | D:4      | Found Unlesm's Jewellery Boutique.
  3623 | D:4      | Identified the +5 rapier "Ximper" {protect, rPois}
  3651 | D:4      | Killed a sky beast
  3652 | D:4      | Reached XP level 7. HP: 28/38 MP: 6/8
  4074 | D:5      | Entered Level 5 of the Dungeon
  4118 | D:5      | Reached skill level 1 in Shields
  4119 | D:5      | Noticed Eustachio
  4143 | D:5      | Killed Eustachio
  4144 | D:5      | Reached skill level 5 in Short Blades
  4150 | D:5      | Reached skill level 5 in Fighting
  4226 | D:5      | Gained mutation: You have razor-sharp teeth. [Vine Stalker
                  | growth]
  4226 | D:5      | Reached XP level 8. HP: 43/43 MP: 7/9
  4580 | D:5      | Reached skill level 6 in Short Blades
  4617 | D:5      | Identified 2 scrolls of acquirement
  4617 | D:5      | Acquired a manual of Dodging
  4619 | D:5      | Acquired a +4 quick blade
  4739 | D:6      | Found a staircase to the Ecumenical Temple.
  4784 | Temple   | Entered the Ecumenical Temple
  4964 | Temple   | Became a worshipper of Nemelex Xobeh the Trickster
  5164 | D:6      | Reached XP level 9. HP: 48/48 MP: 10/10
  5191 | D:6      | Reached skill level 7 in Short Blades
  5749 | D:7      | Found a hide-covered altar of Uskayaw.
  5771 | D:7      | Found a basalt altar of Yredelemnul.
  5812 | D:7      | Noticed Pikel
  5828 | D:7      | Killed Pikel
  5829 | D:7      | Reached skill level 8 in Short Blades
  5829 | D:7      | Reached skill level 5 in Dodging
  5843 | D:7      | Found Louklul's Antique Weapon Emporium.
  5945 | D:7      | Reached * piety under Nemelex Xobeh
  6639 | D:8      | Reached XP level 10. HP: 53/53 MP: 11/11
  6645 | D:8      | Reached skill level 9 in Short Blades
  6862 | D:8      | Found a staircase to the Lair.
  6977 | D:8      | Noticed an elephant
  6995 | D:8      | Reached skill level 10 in Short Blades
  7009 | D:8      | Killed an elephant
  7111 | D:8      | Found an ornate altar of the Wu Jian Council.
  7335 | D:8      | Received a gift from Nemelex Xobeh
  7343 | D:8      | Acquired the ring of Xom's Fair Game {rF++ EV+4 Stlth+}
  7463 | D:8      | Reached skill level 11 in Short Blades
  7672 | D:8      | Reached XP level 11. HP: 56/56 MP: 12/12
  7956 | D:9      | Found a flagged portal.
  7965 | Bailey   | Entered a bailey
  8009 | Bailey   | Found an iron altar of Okawaru.
  8009 | Bailey   | Noticed an orc high priest
  8009 | Bailey   | Noticed an orc high priest
  8036 | Bailey   | Killed an orc high priest
  8043 | Bailey   | Killed from afar by an orc high priest

Illustrated notes

Levels and vault maps discovered:
D:1:      scummos_arrival_star, layout_rooms
D:2:      minmay_kobold_bridge, layout_loops_ring, nrook_mini_backslash
D:3:      layout_basic, ashenzari_conservatory_becter
D:4:      layout_cave_pools, serial_shops, nicolae_shop_stone,
          kennysheep_mini_moat, shop, shop, minmay_vboxes, uniq_robin
D:5:      layout_rooms, uniq_eustachio
D:6:      layout_basic, minmay_temple_entry_glass
D:7:      layout_cave_pods, overflow_temple_1_default, old_standard_altar,
          serial_shops, shop, kennysheep_generic_room_9, uniq_pikel
D:8:      layout_basic, kennysheep_mini, david_lair_generic, serial_bayou,
          serial_bayou_pond_e, serial_bayou_pond_e, serial_bayou_pond_c,
          serial_bayou_pond_b, serial_bayou_lake_a, serial_bayou_shore_b,
          kennysheep_small_circle
D:9:      layout_rooms, enter_bailey_6, lightli_minifort
Temple:   eino_temple_scatter_basement
Bailey:   bailey_axe_of_yendor_kennysheep, bailey

Skill      XL: |  1  2  3  4  5  6  7  8  9 10 |
---------------+-------------------------------+-----
Fighting       | 2 3 4 5 6 |  6.0
Short Blades   | 2 3 4 5 6 8 11 | 11.4
Dodging        | 1 2 3 7 9 |  9.6
Shields        | 3 4 |  4.0
Throwing       | |  1.7
Stealth        | |  4.8

Action                   |  1- 3 |  4- 6 |  7- 9 | 10-12 || total
-------------------------+-------+-------+-------+-------++-------
Melee: Dagger            |    70 |   258 |    19 |       ||   347
       Bite              |    27 |    65 |   109 |    93 ||   294
       Short sword       |    39 |       |       |       ||    39
       Rapier            |       |       |   303 |   284 ||   587
Throw: Dart              |       |    27 |    19 |       ||    46
       Boomerang         |       |       |     5 |       ||     5
Invok: Draw Escape       |       |       |       |     1 ||     1
Evoke: Wand              |       |       |       |     6 ||     6
  Use: Scroll            |     1 |     3 |    10 |    10 ||    24
 Stab: Sleeping          |     9 |     8 |     1 |       ||    18
Armor: Robe              |    16 |       |       |       ||    16
       Leather armour    |    17 |    24 |       |       ||    41
       Ring mail         |       |    21 |     4 |       ||    25
       Chain mail        |       |       |   168 |    80 ||   248
Dodge: Dodged            |    45 |    90 |   112 |   104 ||   351
Block: Buckler           |       |       |    31 |    37 ||    68

Table legend: (Time is in decaauts)
 A = Elapsed time spent in this place.
 B = Non-inter-level travel time spent in this place.
 C = Inter-level travel time spent in this place.
 D = Time resting spent in this place.
 E = Time spent auto-exploring this place.
 F = Levels seen in this place.
 G = Mean time per level.
                   A        B        C        D        E       F      G
               +--------+--------+--------+--------+--------+-----+--------+
         Total |   7819 |   7244 |    575 |    746 |   4824 |  11 |  710.8 |
       Dungeon |   7558 |   7027 |    531 |    744 |   4644 |   9 |  839.8 |
        Temple |    195 |    151 |     44 |      0 |    148 |   1 |  195.0 |
        Bailey |     65 |     65 |      0 |      2 |     32 |   1 |   65.0 |
               +--------+--------+--------+--------+--------+-----+--------+

Top non-repeatable levels by time:
     D:8: 1341 daAuts
     D:2: 1300 daAuts
     D:1: 963 daAuts
     D:3: 963 daAuts
     D:6: 864 daAuts
     D:7: 838 daAuts
     D:4: 730 daAuts
     D:5: 537 daAuts
  Temple: 195 daAuts
  Bailey: 65 daAuts
     D:9: 18 daAuts
